[Event "FIDE World Cup O12-A 2024"]
[Site "Batumi"]
[Date "2024.06.28"]
[Round "6.1"]
[White "Wang, Ted"]
[Black "Obidov, Biloliddin"]
[Result "0-1"]
[ECO "B12"]
[WhiteElo "2034"]
[BlackElo "1998"]
[Annotator "NA RC"]
[PlyCount "138"]
[EventDate "2024.06.23"]
[EventType "swiss"]
[EventCountry "GEO"]
[SourceTitle "playchess.com"]
[Source "ChessBase"]
[SourceQuality "1"]
[TimeControl "5400+30"]

1. e4 c6 2. d4 d5 3. e5 Bf5 4. Nf3 e6 5. Be2 c5 6. c3 Nc6 7. O-O Nge7 8. dxc5 Bxb1 {[%emt 0:05:19] B12: Caro-Kann: Advance Variation.} 9. Rxb1 Ng6 10. b4 Ngxe5 11. Nxe5 Nxe5 12. Be3 ({Better is} 12. Bf4 Nc6 13. Qa4) 12... Be7 13. Bd4 Bf6 14. Bxe5 Bxe5 15. Bb5+ Kf8 16. Rb3 g6 17. f4 Bf6 18. Be2 Kg7 ({Better is} 18... b6 $15 19. c4 bxc5 20. cxd5 exd5 21. bxc5 Rc8) 19. Qd3 Qc7 20. Kh1 b6 21. cxb6 axb6 22. Qd2 Rhc8 23. Rc1 Ra7 24. Bd3 Qd7 25. Rc2 Rac7 26. Ba6 Ra8 27. Bd3 h6 28. Qf2 Qd6 29. h3 e5 30. fxe5 Bxe5 31. Bb5 Rac8 32. Qf3 Qf6 33. Qxf6+ Bxf6 34. Rd2 $17 Rxc3 35. Rxc3 Bxc3 36. Rxd5 Bxb4 37. a4 Rc1+ 38. Kh2 h5 39. Kg3 Rc2 40. h4 f5 41. Rd1 Bc5 42. Bd3 Ra2 43. Bb5 Bf2+ 44. Kh3 f4 45. Rd7+ Kh6 46. Rd6 Ra1 47. g4 fxg3 48. Bd3 Rh1+ 49. Kg2 Rh2+ 50. Kf3 Kg7 51. Rxg6+ Kf7 52. Rg5 Rxh4 53. Bg6+ Kf6 54. Rxh5 Rg4 55. Rf5+ Kxg6 56. Kxg4 g2 57. Rg5+ Kf6 58. Rf5+ Ke6 59. Rxf2 g1=Q+ 60. Kf3 Qd1+ 61. Re2+ Kd5 62. Ke3 Qxa4 63. Rd2+ Ke5 64. Rd3 b5 65. Kd2 b4 66. Kc1 Qa1+ 67. Kc2 Qa2+ 68. Kc1 b3 69. Re3+ Kd4 0-1

[Event "FIDE World Cup O12-A 2024"]
[Site "Batumi"]
[Date "2024.06.28"]
[Round "6.2"]
[White "Guo, Ethan"]
[Black "Yang, ZiLong"]
[Result "1-0"]
[ECO "B48"]
[WhiteElo "2136"]
[BlackElo "1874"]
[Annotator "NA RC"]
[PlyCount "101"]
[EventDate "2024.06.23"]
[EventType "swiss"]
[EventCountry "GEO"]
[SourceTitle "playchess.com"]
[Source "ChessBase"]
[SourceQuality "1"]
[TimeControl "5400+30"]

1. e4 c5 2. Nf3 e6 3. d4 cxd4 4. Nxd4 Nc6 5. Nc3 Qc7 6. Be3 a6 7. Qf3 {[%emt 0:00:11] B48: Sicilian: Taimanov: 5 Nc3 Qc7 6 Be3 a6 without Be2.} b5 8. Nxc6 Qxc6 9. Bd3 d6 (9... Nf6 $11) 10. O-O Nf6 11. a4 b4 12. Nb5 Qb7 (12... axb5 $2 {is the wrong capture.} 13. Bxb5 Bd7 14. Bxc6 $18) 13. Nd4 Be7 14. Nb3 O-O 15. Na5 Qc7 16. Nc4 Bb7 17. Bb6 Qb8 18. a5 {[%emt 1:10:08] [#]} Nxe4 $1 19. Bxe4 d5 (19... Bxe4 $11 20. Qxe4 d5) 20. Bxh7+ Kxh7 21. Qh5+ Kg8 22. Ne5 Qc8 23. Rad1 Bf6 $18 (23... Bd6 $16 {was necessary.}) 24. Ng4 Be7 25. Rd3 Qxc2 26. Rh3 f6 27. Ne3 Qe4 28. Rh4 Qe5 29. Qh7+ Kf7 30. Ng4 Qxb2 31. Nh6+ Ke8 32. Qxg7 Qe5 33. Bc5 Qc7 34. Bxb4 Rc8 35. Qg6+ Kd7 36. Bxe7 Kxe7 37. Nf5+ Kd8 38. Rh7 Qc5 39. Rxb7 exf5 40. Qxf5 Qd6 41. Rd1 Rc5 42. Rdb1 Rxa5 43. Rb8+ Kc7 44. R1b7+ Kc6 45. Rb6+ Kc5 46. Rxd6 Kxd6 47. Rb1 Rb5 48. Re1 d4 49. Qe6+ Kc5 50. Qe7+ Kb6 51. Qxf8 1-0

[Event "FIDE World Cup O12-A 2024"]
[Site "Batumi"]
[Date "2024.06.28"]
[Round "6.3"]
[White "Syed Abdul Khader"]
[Black "Bulgak, Damir"]
[Result "0-1"]
[ECO "E20"]
[WhiteElo "2050"]
[BlackElo "1931"]
[Annotator "NA RC"]
[PlyCount "90"]
[EventDate "2024.06.23"]
[EventType "swiss"]
[EventCountry "GEO"]
[SourceTitle "playchess.com"]
[Source "ChessBase"]
[SourceQuality "1"]
[TimeControl "5400+30"]

1. d4 Nf6 2. c4 e6 3. Nc3 Bb4 4. f3 d5 5. a3 Be7 6. e4 dxe4 {[%emt 0:01:25] E20: Nimzo-Indian: 4 g3 and 4 f3.} 7. fxe4 c5 8. d5 exd5 9. exd5 O-O 10. Be2 a6 {[%emt 0:00:20] is more profitable than 10...Re8 at the moment.} 11. Nf3 Bd6 12. O-O h6 13. Bd3 $146 ({Predecessor:} 13. h3 Re8 14. Bd3 b5 15. cxb5 c4 16. Bxc4 Bxh3 17. gxh3 Qc8 18. Kg2 Qxc4 19. Qd4 axb5 20. Bxh6 {½-½ Wang,H (2709)-Svane,R (2625) FIDE World Cup 2023 (4.3)}) 13... Nbd7 14. Bc2 b5 15. b3 Ne5 16. Nxe5 (16. h3 $1 $11 {feels stronger.}) 16... Bxe5 17. Qd3 Re8 (17... g6 $1 $15 {deserves consideration.} 18. Bf4 (18. Bxh6 $2 {is the wrong capture.} Ng4 $19) (18. cxb5 $2 axb5 19. Bxh6 Re8 $19) 18... bxc4 19. bxc4 Bf5) 18. Bf4 Qd6 (18... Bd4+ $15 19. Kh1 Bg4) 19. Ne2 Bg4 20. Bxe5 $11 Qxe5 21. Ng3 Qg5 22. d6 Re3 23. Qd2 Rd8 24. cxb5 axb5 25. a4 bxa4 26. Rxa4 Bd7 27. Raf4 Qe5 28. Bd1 Be6 29. Nf5 Bxf5 30. Rxf5 Qd4 31. Qf2 Ne4 32. Rd5 Nxf2 33. Rxd4 cxd4 34. Kxf2 Rxd6 35. Bf3 Rxb3 36. Rd1 Rb2+ 37. Kg3 d3 38. Kf4 d2 39. Ke3 Re6+ 40. Kf2 g5 41. Kf1 Kg7 42. Kf2 f5 43. h3 Kg6 44. Ra1 d1=Q+ 45. Kg3 Qd6# 0-1

[Event "FIDE World Cup O12-A 2024"]
[Site "Batumi"]
[Date "2024.06.28"]
[Round "6.4"]
[White "Siddhanth Poonja"]
[Black "Haresh, Venkata Narayanaswam"]
[Result "1-0"]
[ECO "A39"]
[WhiteElo "1958"]
[BlackElo "1728"]
[Annotator "NA RC"]
[PlyCount "153"]
[EventDate "2024.06.23"]
[EventType "swiss"]
[EventCountry "GEO"]
[SourceTitle "playchess.com"]
[Source "ChessBase"]
[SourceQuality "1"]
[TimeControl "5400+30"]

1. c4 c5 2. g3 Nc6 3. Bg2 g6 4. Nc3 Bg7 5. Nf3 Nf6 6. O-O O-O 7. d4 d5 8. dxc5 dxc4 9. Qa4 $1 Nd5 (9... Qa5 $142 $1) 10. Qxc4 Nxc3 11. bxc3 Qa5 12. Nd4 Bd7 13. Be3 Rac8 14. Rfb1 b6 $14 15. Nxc6 Bxc6 16. Bxc6 Rxc6 17. Qb5 Qxb5 18. Rxb5 Bxc3 19. Rab1 Ba5 20. cxb6 Bxb6 21. Bxb6 Rxb6 22. Rxb6 axb6 23. Rxb6 Ra8 24. Rb2 Ra3 25. Kf1 Kg7 26. Ke1 Kf6 27. Kd2 Ke6 28. Kc2 Kd6 29. Kb1 Kc6 30. Rb3 Ra7 31. Kb2 h5 32. a3 Kc5 33. Rb4 Rd7 34. Kc2 Ra7 35. Kb3 Rd7 36. Re4 e6 37. Kc2 Ra7 38. a4 Rb7 39. h4 Kd5 40. Re3 Kc4 41. Rc3+ Kd5 42. Rb3 Ra7 43. Rb4 Kc5 44. Kc3 Rd7 45. Rc4+ Kb6 46. Rd4 Rc7+ 47. Kb4 Rc2 48. a5+ Ka6 49. Rd6+ Ka7 50. Rd7+ Ka8 51. Kb5 f5 52. Kb6 Rb2+ 53. Ka6 Kb8 54. Rg7 Rxe2 55. f4 e5 56. fxe5 Rxe5 57. Rxg6 Re4 58. Kb6 Rb4+ 59. Kc5 Ra4 60. Kb5 Ra3 61. Rg5 Rb3+ 62. Ka6 Rf3 63. Kb6 Rb3+ 64. Kc6 Ra3 65. Rxh5 Rxg3 66. Rxf5 Rg6+ 67. Kd7 Rh6 68. h5 Rh7+ 69. Ke8 Kc8 70. Rc5+ Kb7 71. Kf8 Ka6 72. Kg8 Rh6 73. Kg7 Rd6 74. Rf5 Rd7+ 75. Kg6 Rd6+ 76. Rf6 Rxf6+ 77. Kxf6 1-0

[Event "FIDE World Cup O12-A 2024"]
[Site "Batumi"]
[Date "2024.06.28"]
[Round "6.5"]
[White "Kleschevnikov, Arseny"]
[Black "Mamikonyan, Artem T"]
[Result "1-0"]
[ECO "D35"]
[WhiteElo "1895"]
[BlackElo "1855"]
[Annotator "NA RC"]
[PlyCount "95"]
[EventDate "2024.06.23"]
[EventType "swiss"]
[EventCountry "GEO"]
[SourceTitle "playchess.com"]
[Source "ChessBase"]
[SourceQuality "1"]
[TimeControl "5400+30"]

1. d4 d5 2. c4 e6 3. Nc3 Nf6 4. cxd5 exd5 5. Bg5 Bb4 6. e3 h6 7. Bh4 g5 8. Bg3 Ne4 9. Nge2 h5 10. h3 Nxg3 11. Nxg3 Bxc3+ 12. bxc3 h4 13. Nh5 Qd6 14. Be2 Be6 15. Qb3 Ke7 $16 16. O-O Nd7 17. f4 gxf4 18. Nxf4 b6 19. c4 c6 20. cxd5 cxd5 21. Bf3 Nf6 22. Rac1 Rac8 23. Qa4 a5 24. Qb3 Rc6 25. Rxc6 Qxc6 26. Rb1 Rb8 27. Nd3 Qd6 28. Rc1 Rc8 29. Rxc8 Bxc8 30. Ne5 Be6 31. Qc3 Nd7 32. Nd3 a4 33. Nf4 b5 34. Qe1 Kd8 35. Qxh4+ Kc7 36. Qe1 Kb6 37. Nd3 Nb8 38. Qc3 Na6 39. a3 Bf5 40. Nf4 Be4 41. Bxe4 dxe4 42. h4 b4 43. axb4 Nxb4 44. h5 Nc6 45. Qc5+ Kc7 46. Nd5+ Kd7 47. Nb6+ Ke7 48. Nc8+ 1-0

[Event "FIDE World Cup O12-A 2024"]
[Site "Batumi"]
[Date "2024.06.28"]
[Round "6.6"]
[White "Yin, Zeming"]
[Black "Nanayakkara, Sanuk"]
[Result "1-0"]
[ECO "B30"]
[WhiteElo "1832"]
[BlackElo "1714"]
[Annotator "NA RC"]
[PlyCount "85"]
[EventDate "2024.06.23"]
[EventType "swiss"]
[EventCountry "GEO"]
[SourceTitle "playchess.com"]
[Source "ChessBase"]
[SourceQuality "1"]
[TimeControl "5400+30"]

1. e4 c5 2. Nf3 Nc6 3. Bb5 e5 4. O-O Bd6 5. Re1 Nf6 6. c3 a6 7. Bf1 Qc7 8. d4 cxd4 9. cxd4 Bb4 10. Bd2 Bxd2 11. Qxd2 exd4 12. Nxd4 O-O 13. Nc3 Rd8 14. Rad1 d6 15. Nxc6 Qxc6 16. e5 Ne8 17. Nd5 Kh8 18. Rc1 dxe5 19. Rxc6 bxc6 20. Qg5 Rxd5 21. Rxe5 Be6 22. Rxd5 cxd5 23. Qe7 Nf6 24. b4 d4 25. a4 Rc8 26. Qd6 Nd5 27. b5 axb5 28. axb5 h6 29. b6 Nxb6 30. Qxb6 d3 31. Qe3 Bf5 32. g4 Rd8 33. gxf5 d2 34. Be2 d1=Q+ 35. Bxd1 Rxd1+ 36. Kg2 Rd8 37. Qe7 Rg8 38. Qxf7 Kh7 39. Kh3 Kh8 40. f3 Kh7 41. f6 Kh8 42. Qg6 h5 43. Qxh5# 1-0

[Event "FIDE World Cup O12-A 2024"]
[Site "Batumi"]
[Date "2024.06.28"]
[Round "6.7"]
[White "Sobirov, Afruzbek"]
[Black "Diasamidze, Rati"]
[Result "1-0"]
[ECO "D00"]
[WhiteElo "1789"]
[BlackElo "1646"]
[Annotator "NA RC"]
[PlyCount "77"]
[EventDate "2024.06.23"]
[EventType "swiss"]
[EventCountry "GEO"]
[SourceTitle "playchess.com"]
[Source "ChessBase"]
[SourceQuality "1"]
[TimeControl "5400+30"]

1. d4 Nf6 2. Nc3 d5 3. Bf4 a6 4. e3 e6 5. g4 Bb4 6. Nge2 O-O 7. a3 Be7 8. g5 Nfd7 9. h4 c5 10. Bh3 cxd4 11. exd4 Nc6 12. Qd3 b5 13. Qg3 Ra7 14. h5 Nb6 15. g6 fxg6 16. hxg6 h6 17. Nd1 Bh4 18. Bxe6+ Bxe6 19. Rxh4 Ne7 20. Ne3 Nf5 21. Nxf5 Bxf5 22. Be5 Nc4 23. b3 Nxe5 24. dxe5 Re7 25. Nd4 Qc7 26. f4 Be4 27. O-O-O Rc8 28. Rh2 Qc5 29. Kb2 a5 30. f5 Qc7 31. Nxb5 Qxe5+ 32. Qxe5 Rxe5 33. Nd6 Rf8 34. Re2 Re7 35. Rxd5 Rd8 36. Rd4 Red7 37. Rdxe4 Rxd6 38. Re8+ Rxe8 39. Rxe8# 1-0

[Event "FIDE World Cup O12-A 2024"]
[Site "Batumi"]
[Date "2024.06.28"]
[Round "6.8"]
[White "Kozhedub, Ivan"]
[Black "Kristesiashvili, Andria"]
[Result "1-0"]
[ECO "B26"]
[WhiteElo "1778"]
[BlackElo "1728"]
[Annotator "NA RC"]
[PlyCount "143"]
[EventDate "2024.06.23"]
[EventType "swiss"]
[EventCountry "GEO"]
[SourceTitle "playchess.com"]
[Source "ChessBase"]
[SourceQuality "1"]
[TimeControl "5400+30"]

1. e4 c5 2. Nc3 Nc6 3. g3 g6 4. Bg2 Bg7 5. d3 d6 6. Be3 Nf6 7. h3 O-O 8. Nge2 Rb8 9. f4 e6 10. O-O b5 11. e5 Nd5 12. Nxd5 exd5 13. Bxd5 Nd4 14. Bg2 dxe5 15. c3 Ne6 16. Qd2 Bb7 17. f5 Bxg2 18. Kxg2 gxf5 19. Rxf5 Qd5+ 20. Kh2 Rbd8 21. Rd1 c4 22. d4 Qe4 23. g4 exd4 24. cxd4 Rfe8 25. Ng3 Qb7 26. Qf2 Rd5 27. Rf1 Re7 28. Ne2 b4 29. Qh4 Rdd7 30. Bh6 Qb8+ 31. Ng3 Nxd4 32. R5f2 Ne2 33. Bxg7 Qxg3+ 34. Qxg3 Nxg3 35. Kxg3 Kxg7 36. Rc1 Rd4 37. Rf4 Re3+ 38. Kf2 Ree4 39. Rxe4 Rxe4 40. Kf3 f5 41. Rd1 Kf6 42. Rd8 c3 43. bxc3 bxc3 44. Rc8 Ra4 45. Rxc3 Rxa2 46. Rc6+ Kg5 47. Rc5 Ra3+ 48. Kg2 a5 49. Rxf5+ Kg6 50. Rb5 a4 51. Ra5 Ra2+ 52. Kg3 a3 53. Kh4 Ra1 54. Ra6+ Kg7 55. Kg5 a2 56. Ra7+ Kf8 57. h4 h6+ 58. Kxh6 Rh1 59. Rxa2 Rxh4+ 60. Kg5 Rh1 61. Kg6 Rb1 62. Ra8+ Ke7 63. g5 Rb6+ 64. Kg7 Ke6 65. g6 Rb7+ 66. Kf8 Kf6 67. Ra6+ Kg5 68. g7 Rb8+ 69. Kf7 Rb7+ 70. Kg8 Rb8+ 71. Kh7 Rb7 72. Kh8 1-0

[Event "FIDE World Cup O12-A 2024"]
[Site "Batumi"]
[Date "2024.06.28"]
[Round "6.9"]
[White "Berdashkevich, Makar"]
[Black "Li, Yiheng"]
[Result "1/2-1/2"]
[ECO "B55"]
[WhiteElo "1650"]
[BlackElo "1886"]
[Annotator "NA RC"]
[PlyCount "104"]
[EventDate "2024.06.23"]
[EventType "swiss"]
[EventCountry "GEO"]
[SourceTitle "playchess.com"]
[Source "ChessBase"]
[SourceQuality "1"]
[TimeControl "5400+30"]

1. e4 c5 2. Nf3 d6 3. d4 cxd4 4. Nxd4 Nf6 5. f3 Nc6 6. c4 Qb6 7. Nc2 g6 {[%emt 0:00:05] 7...g6 was played by the boomers.} 8. Nc3 Bg7 9. Rb1 Ng4 {[%emt 0:00:14] B55: Sicilian: 2...d6 3 d4 cxd4 4 Nxd4 Nf6 5 f3.} 10. Qd2 Bh6 11. Qe2 Bxc1 12. Rxc1 Nf6 13. Qd2 O-O 14. Ne3 $146 ({Predecessor:} 14. Be2 e6 15. Na4 Qc7 16. O-O Rd8 17. Nc3 Qe7 18. Rfd1 b6 19. f4 Bb7 20. Qe3 {1-0 Santos Ruiz,M (2597)-Vasquez Schroder,R (2500) Menorca op 1st 2022 (4)}) 14... Be6 15. Bd3 Rfc8 16. O-O Ne5 17. b3 Qd4 18. Rfd1 a6 19. Bf1 Qxd2 20. Rxd2 g5 21. Be2 Rab8 22. Rdd1 Bd7 23. Ned5 $14 Nxd5 24. Nxd5 Kf8 25. Kf2 e6 26. Ne3 Ke7 27. Rd2 b5 28. Rcd1 bxc4 29. Bxc4 Rb6 30. g3 h6 31. f4 Ng6 32. e5 gxf4 33. gxf4 Nxf4 34. Rxd6 Rxd6 35. Rxd6 a5 36. Ng4 Ng6 37. Ra6 Rc5 38. Nxh6 Rxe5 39. Ng4 Rg5 40. Ne3 Rc5 41. Be2 Nf4 42. Ra7 Nxe2 43. Kxe2 Rh5 44. Nc4 Rxh2+ 45. Kd3 Kd8 46. Rxa5 f6 47. a4 Rh3+ 48. Kc2 e5 49. Nxe5 fxe5 50. Rxe5 Kc7 51. Rc5+ Kb6 52. Rc3 Rxc3+ 1/2-1/2

[Event "FIDE World Cup O12-A 2024"]
[Site "Batumi"]
[Date "2024.06.28"]
[Round "6.11"]
[White "Yang, Maxwell"]
[Black "Tavberidze, Alexandre"]
[Result "1-0"]
[ECO "D90"]
[WhiteElo "1979"]
[BlackElo "1529"]
[Annotator "NA RC"]
[PlyCount "87"]
[EventDate "2024.06.23"]
[EventType "swiss"]
[EventCountry "GEO"]
[SourceTitle "playchess.com"]
[Source "ChessBase"]
[SourceQuality "1"]
[TimeControl "5400+30"]

1. d4 d5 2. c4 c6 3. cxd5 cxd5 4. Bf4 Nc6 5. e3 Nf6 6. Nc3 a6 7. Bd3 g6 8. Rc1 Bg7 9. Nf3 O-O 10. O-O Bg4 11. a3 Re8 12. Be2 e6 13. Ne5 Bxe2 14. Nxe2 Nxe5 15. Bxe5 Ne4 16. f3 Nd6 17. Bxd6 Qxd6 18. Qb3 b5 19. Rc5 Rac8 20. Rfc1 Qb8 21. Qc3 Rxc5 22. Qxc5 Bf8 23. Qc6 Qa8 (23... b4 $11) 24. Kf2 Qxc6 25. Rxc6 Ra8 26. Nc1 a5 27. Ke2 b4 28. a4 Be7 29. Nb3 Kf8 30. Kd3 ({White should try} 30. e4) 30... Ke8 {[%emt 0:00:37] [#]} 31. Rb6 (31. e4 $142 $1) 31... Ra7 32. Rb5 Bd8 33. Nc5 Bc7 34. h3 Ke7 35. Nb3 f6 (35... h5 $14) 36. Rc5 Kd6 37. e4 h5 $16 38. Rc1 Ra8 39. Nc5 Bb6 40. Nxe6 Ba7 41. Nc7 Rb8 42. Nb5+ Rxb5 43. axb5 dxe4+ 44. fxe4 1-0

[Event "FIDE World Cup O12-A 2024"]
[Site "Batumi"]
[Date "2024.06.28"]
[Round "6.12"]
[White "Todua, Andria"]
[Black "Lee, Daniel Joshua"]
[Result "1-0"]
[ECO "C47"]
[WhiteElo "1599"]
[BlackElo "1717"]
[Annotator "NA RC"]
[PlyCount "135"]
[EventDate "2024.06.23"]
[EventType "swiss"]
[EventCountry "GEO"]
[SourceTitle "playchess.com"]
[Source "ChessBase"]
[SourceQuality "1"]
[TimeControl "5400+30"]

1. e4 e5 2. Nf3 Nc6 3. Nc3 Nf6 4. Be2 Bc5 5. Nxe5 Nxe5 6. d4 Bd6 7. dxe5 Bxe5 8. Nb5 O-O 9. f4 Nxe4 10. Qd5 Qh4+ 11. g3 Nxg3 12. hxg3 Qxg3+ 13. Kd1 c6 14. Qe4 f5 15. Qxe5 Qg2 16. Re1 cxb5 17. b3 d6 18. Qd4 Re8 19. Bc4+ bxc4 20. Rxe8+ Kf7 21. Qe3 Qh1+ 22. Kd2 c3+ 23. Ke2 Qg2+ 24. Kd1 Qh1+ 25. Qe1 Qd5+ 26. Bd2 Qxd2+ 27. Qxd2 cxd2 28. Re2 Be6 29. Kxd2 h6 30. Rg1 Rg8 31. Reg2 g6 32. Rh2 Rh8 33. Rh3 Kf6 34. c4 h5 35. Ke2 d5 36. Rhg3 Rg8 37. c5 Bf7 38. Kf2 Rc8 39. Rc3 Rc6 40. b4 b6 41. Rgc1 b5 42. Ra3 a6 43. Rg3 Kg7 44. Kg2 Kf6 45. Kh3 Be8 46. Re3 Bf7 47. Kh4 Be6 48. Ra3 Bc8 49. Rd1 Be6 50. Rdd3 Bf7 51. Rdc3 Be6 52. Ra5 Bd7 53. Rd3 Be6 54. a4 bxa4 55. Rxa4 g5+ 56. fxg5+ Kg6 57. Rd4 Bf7 58. Ra1 Re6 59. Ra3 Kg7 60. Rc3 Rc6 61. Ra3 Kg6 62. Ra5 Be8 63. Rxd5 f4 64. Rd6+ Rxd6 65. cxd6 f3 66. Kg3 h4+ 67. Kxf3 h3 68. Ke4 1-0